NCAA
ARKANSAS RAZORBACKS @ INDIANA HOOSIERS
04/28/2024
 
TOP OF THE 1ST
Arkansas Razorbacks batting - Pitching for Indiana Hoosiers : RHP Jeremy Lee
Pitching: RHP Jeremy Lee
Batting: LHB Nelson Cox 0-0: Ball
1-0: SINGLE (Groundball, 4MD)
Batting: RHB Stan Simpson 0-0: Called Strike
Nelson Cox is caught stealing 2nd base
0-1: Called Strike
0-2: Ball
1-2: Ball
2-2: Ball
3-2: Strikes out swinging
Batting: LHB Fred Velázquez 0-0: Ball
1-0: Fly out, F7 (Flyball, 78M)
Top of the 1st over - 0 run(s), 1 hit(s), 0 error(s), 0 left on base; Arkansas 0 - Indiana 0
BOTTOM OF THE 1ST
Indiana Hoosiers batting - Pitching for Arkansas Razorbacks : RHP Francisco Álvarez
Pitching: RHP Francisco Álvarez
Batting: LHB Arturo Álvarez 0-0: Ground out 3-1 (Groundball, 3)
Batting: RHB Tom McCoy 0-0: Ground out 4-3 (Groundball, 34)
Batting: LHB Randy Ortíz 0-0: Called Strike
0-1: Ball
1-1: Ground out 4-3 (Groundball, 4)
Bottom of the 1st over - 0 run(s), 0 hit(s), 0 error(s), 0 left on base; Arkansas 0 - Indiana 0
TOP OF THE 2ND
Arkansas Razorbacks batting - Pitching for Indiana Hoosiers : RHP Jeremy Lee
Batting: LHB Richard Hinkle 0-0: Called Strike
0-1: Called Strike
0-2: Ball
1-2: Ball
2-2: Strikes out swinging
Batting: RHB Santiago Rivera 0-0: Called Strike
0-1: Called Strike
0-2: Fly out, F7 (Flyball, 7S)
Batting: RHB Jon Anderson 0-0: Foul Ball, location: 2F
0-1: Swinging Strike
0-2: Strikes out swinging
Top of the 2nd over - 0 run(s), 0 hit(s), 0 error(s), 0 left on base; Arkansas 0 - Indiana 0
BOTTOM OF THE 2ND
Indiana Hoosiers batting - Pitching for Arkansas Razorbacks : RHP Fernando Villarroel
Pitching: RHP Fernando Villarroel
Batting: RHB Gus Bryant 0-0: Ball
1-0: Fly out, F5 (Popup, 5D)
Batting: RHB Elwood López 0-0: Called Strike
0-1: Ball
1-1: Ball
2-1: Ball
3-1: Swinging Strike
3-2: Foul Ball, location: 2F
3-2: Strikes out swinging
Batting: RHB Jaime Morán 0-0: Ball
1-0: Swinging Strike
1-1: Ground out 6-3 (Groundball, 6M)
Bottom of the 2nd over - 0 run(s), 0 hit(s), 0 error(s), 0 left on base; Arkansas 0 - Indiana 0
TOP OF THE 3RD
Arkansas Razorbacks batting - Pitching for Indiana Hoosiers : RHP Jeremy Lee
Batting: LHB Paul Valentine 0-0: Ball
1-0: Ball
2-0: Ball
3-0: Called Strike
3-1: Fly out, F5 (Popup, 56S)
Batting: RHB Andrew Weatherly 0-0: Fly out, F6 (Popup, 56D)
Batting: RHB Henry Fox 0-0: Ball
1-0: Ball
2-0: Foul Ball, location: 2F
2-1: Foul Ball, location: 2F
2-2: Ball
3-2: Strikes out looking
Top of the 3rd over - 0 run(s), 0 hit(s), 0 error(s), 0 left on base; Arkansas 0 - Indiana 0
BOTTOM OF THE 3RD
Indiana Hoosiers batting - Pitching for Arkansas Razorbacks : RHP Fernando Villarroel
Batting: RHB Wayne Carter 0-0: Ground out 6-3 (Groundball, 6M)
Batting: LHB Dave Joyner 0-0: Ball
1-0: Ball
2-0: Called Strike
2-1: Foul Ball, location: 2F
2-2: Ball
3-2: Strikes out swinging
Batting: RHB Armando Bernard 0-0: Fly out, F8 (Flyball, 8LS)
Bottom of the 3rd over - 0 run(s), 0 hit(s), 0 error(s), 0 left on base; Arkansas 0 - Indiana 0
TOP OF THE 4TH
Arkansas Razorbacks batting - Pitching for Indiana Hoosiers : RHP Jeremy Lee
Batting: LHB Nelson Cox 0-0: Ball
1-0: Called Strike
1-1: Called Strike
1-2: Foul Ball, location: 2F
1-2: Foul Ball, location: 2F
1-2: Ball
2-2: DOUBLE (Flyball, 8LXD)
Batting: RHB Stan Simpson 0-0: Swinging Strike
0-1: Ball
1-1: Foul Ball, location: 2F
1-2: Ball
2-2: Foul Ball, location: 2F
2-2: Ground out 6-3 (Groundball, 6M)
Nelson Cox to third
Batting: LHB Fred Velázquez 0-0: Fly out, F8 (Flyball, 8RM)
Runner from 3rd tags up, SCORES, throw made
Batting: LHB Richard Hinkle 0-0: Ball
1-0: Ball
2-0: Called Strike
2-1: SINGLE (Line Drive, 4)
Batting: RHB Santiago Rivera 0-0: Called Strike
0-1: Ball
1-1: Called Strike
1-2: Ball
2-2: Ball
3-2: Foul Ball, location: 2F
3-2: Foul Ball, location: 2F
3-2: Foul Ball, location: 2F
3-2: Foul Ball, location: 2F
3-2: Base on Balls
Richard Hinkle to second
Batting: RHB Jon Anderson 0-0: Ball
1-0: Foul Ball, location: 2F
1-1: SINGLE (Line Drive, 78M)
Richard Hinkle to third
Santiago Rivera to second
Batting: LHB Paul Valentine 0-0: Called Strike
0-1: Foul Ball, location: 2F
0-2: Foul Ball, location: 2F
0-2: Ball
1-2: SINGLE (Flyball, 7LM)
Richard Hinkle scores
Santiago Rivera to third
Jon Anderson to second
Runner from 3rd tries for Home, SAFE, no throw or cutoff
Batting: RHB Andrew Weatherly 0-0: Foul Ball, location: 2F
0-1: Ball
1-1: Foul Ball, location: 2F
1-2: Foul Ball, location: 2F
1-2: Strikes out swinging
Top of the 4th over - 3 run(s), 4 hit(s), 0 error(s), 2 left on base; Arkansas 3 - Indiana 0
BOTTOM OF THE 4TH
Indiana Hoosiers batting - Pitching for Arkansas Razorbacks : RHP Fernando Villarroel
Batting: LHB Arturo Álvarez 0-0: Ground out 4-3 (Groundball, 4)
Batting: RHB Tom McCoy 0-0: Ball
1-0: Swinging Strike
1-1: Swinging Strike
1-2: Strikes out swinging
Batting: LHB Randy Ortíz 0-0: Ball
1-0: Ball
2-0: Ball
3-0: Called Strike
3-1: Called Strike
3-2: Fly out, F9 (Flyball, 9M)
Bottom of the 4th over - 0 run(s), 0 hit(s), 0 error(s), 0 left on base; Arkansas 3 - Indiana 0
TOP OF THE 5TH
Arkansas Razorbacks batting - Pitching for Indiana Hoosiers : RHP Jeremy Lee
Batting: RHB Henry Fox 0-0: Swinging Strike
0-1: Ball
1-1: Ball
2-1: Ball
3-1: Fly out, F4 (Line Drive, 4)
Batting: LHB Nelson Cox 0-0: Called Strike
0-1: Ball
1-1: Swinging Strike
1-2: Strikes out looking
Batting: RHB Stan Simpson 0-0: Ball
1-0: Foul Ball, location: 2F
1-1: DOUBLE (Line Drive, 8LM)
Pitching: RHP Charles Piper
Batting: LHB Fred Velázquez 0-0: Ball
1-0: Ball
2-0: Ball
3-0: Swinging Strike
3-1: Called Strike
3-2: Foul Ball, location: 2F
3-2: Strikes out swinging
Top of the 5th over - 0 run(s), 1 hit(s), 0 error(s), 1 left on base; Arkansas 3 - Indiana 0
BOTTOM OF THE 5TH
Indiana Hoosiers batting - Pitching for Arkansas Razorbacks : RHP Fernando Villarroel
Batting: RHB Gus Bryant 0-0: Called Strike
0-1: Foul Ball, location: 2F
0-2: Strikes out looking
Batting: RHB Elwood López 0-0: Foul Ball, location: 2F
0-1: Ball
1-1: Called Strike
1-2: Ball
2-2: Foul Ball, location: 2F
2-2: Strikes out looking
Batting: RHB Jaime Morán 0-0: Foul Ball, location: 2F
0-1: Foul Ball, location: 2F
0-2: Strikes out swinging, 2-3 out at first.
Bottom of the 5th over - 0 run(s), 0 hit(s), 0 error(s), 0 left on base; Arkansas 3 - Indiana 0
TOP OF THE 6TH
Arkansas Razorbacks batting - Pitching for Indiana Hoosiers : RHP Charles Piper
Batting: LHB Richard Hinkle 0-0: Ball
1-0: Ball
2-0: Called Strike
2-1: Swinging Strike
2-2: Strikes out swinging
Batting: RHB Santiago Rivera 0-0: Called Strike
0-1: Swinging Strike
0-2: Ball
1-2: Ball
2-2: Reached on Error, E7 (Flyball, 7M)
Batting: RHB Jon Anderson 0-0: Ball
1-0: Ball
2-0: Fly out, F8 (Flyball, 8RM)
Batting: LHB Paul Valentine 0-0: Ball
1-0: Ball
2-0: Foul Ball, location: 2F
2-1: Ball
3-1: Called Strike
3-2: Strikes out looking
Top of the 6th over - 0 run(s), 0 hit(s), 1 error(s), 1 left on base; Arkansas 3 - Indiana 0
BOTTOM OF THE 6TH
Indiana Hoosiers batting - Pitching for Arkansas Razorbacks : RHP Fernando Villarroel
Batting: RHB Wayne Carter 0-0: Ball
1-0: Called Strike
1-1: Foul Ball, location: 2F
1-2: DOUBLE (Flyball, 8LXD)
Batting: LHB Dave Joyner 0-0: Ball
1-0: Swinging Strike
1-1: Ball
2-1: Ball
3-1: Foul Ball, location: 2F
3-2: Foul Ball, location: 2F
3-2: Foul Ball, location: 2F
3-2: Base on Balls
Pitching: RHP Dan Bailey
Batting: RHB Armando Bernard 0-0: Ball
1-0: Ball
2-0: Called Strike
2-1: Foul Ball, location: 2F
2-2: Reached on error, E5 (Groundball, 5)
Wayne Carter to third
Dave Joyner to second
Batting: LHB Arturo Álvarez 0-0: Ball
1-0: Foul Ball, location: 2F
1-1: Foul Ball, location: 2F
1-2: Ball
2-2: Foul Ball, location: 2F
2-2: SINGLE (Groundball, 34D)
Wayne Carter scores
Dave Joyner to third
Armando Bernard to second
Batting: RHB Tom McCoy 0-0: Ball
1-0: Grounds into double play, 4-6-3 (Groundball, 4)
Dave Joyner scores
Armando Bernard to third
Batting: LHB Randy Ortíz 0-0: Called Strike
0-1: Called Strike
0-2: SINGLE (Line Drive, 56D)
Armando Bernard scores
Batting: RHB Gus Bryant 0-0: Ball
1-0: Ground out 1-3 (Groundball, 15)
Bottom of the 6th over - 3 run(s), 3 hit(s), 1 error(s), 1 left on base; Arkansas 3 - Indiana 3
TOP OF THE 7TH
Arkansas Razorbacks batting - Pitching for Indiana Hoosiers : RHP Charles Piper
Batting: RHB Andrew Weatherly 0-0: Ball
1-0: Fly out, F8 (Flyball, 8LM)
Pinch Hitting: LHB Martín Ortega 0-0: Ball
1-0: Ball
2-0: Ball
3-0: Called Strike
3-1: Base on Balls
Batting: LHB Nelson Cox 0-0: Foul Ball, location: 2F
0-1: Swinging Strike
0-2: Ball
1-2: Ball
2-2: Strikes out swinging
Pinch Hitting: LHB Carter Sweet 0-0: Called Strike
0-1: SINGLE (Groundball, 34D)
Martín Ortega to second
Runner from 2nd tries for 3rd, SAFE, no throw or cutoff
Batting: LHB Fred Velázquez 0-0: Ball
1-0: Ball
2-0: Ball
3-0: Base on Balls
Carter Sweet to second
Pitching: RHP Lawrence Wilson
Batting: LHB Richard Hinkle 0-0: Ball
1-0: Ball
2-0: Ball
3-0: Base on Balls
Martín Ortega scores
Carter Sweet to third
Fred Velázquez to second
Batting: RHB Santiago Rivera 0-0: Called Strike
0-1: Called Strike
0-2: DOUBLE (Flyball, 8RXD)
Carter Sweet scores
Fred Velázquez scores
Richard Hinkle to third
Batting: RHB Jon Anderson 0-0: Called Strike
0-1: Ball
1-1: Ball
2-1: Called Strike
2-2: Foul Ball, location: 2F
2-2: Ball
3-2: Strikes out looking
Top of the 7th over - 3 run(s), 2 hit(s), 0 error(s), 2 left on base; Arkansas 6 - Indiana 3
BOTTOM OF THE 7TH
Indiana Hoosiers batting - Pitching for Arkansas Razorbacks : RHP Dan Bailey
Now at 2B: Earl Willis
Now at SS: Martín Ortega
Batting: RHB Elwood López 0-0: Ball
1-0: Ground out 3-1 (Groundball, 34S)
Batting: RHB Jaime Morán 0-0: Foul Ball, location: 2F
0-1: Fly out, F8 (Flyball, 8RM)
Batting: RHB Wayne Carter 0-0: Ball
1-0: Foul Ball, location: 2F
1-1: Ball
2-1: Ball
3-1: Foul Ball, location: 2F
3-2: Base on Balls
Batting: LHB Dave Joyner 0-0: Called Strike
0-1: SINGLE (Line Drive, 78S)
Wayne Carter to second
Batting: RHB Armando Bernard 0-0: Called Strike
0-1: Ground out 6-3 (Groundball, 6)
Bottom of the 7th over - 0 run(s), 1 hit(s), 0 error(s), 2 left on base; Arkansas 6 - Indiana 3
TOP OF THE 8TH
Arkansas Razorbacks batting - Pitching for Indiana Hoosiers : RHP Lawrence Wilson
Batting: LHB Paul Valentine 0-0: Called Strike
0-1: Swinging Strike
0-2: Ball
1-2: Ground out 4-3 (Groundball, 34)
Batting: RHB Andrew Weatherly 0-0: Called Strike
0-1: Foul Ball, location: 2F
0-2: Foul Ball, location: 2F
0-2: Ground out 6-3 (Groundball, 56)
Batting: LHB Martín Ortega 0-0: Called Strike
0-1: Ball
1-1: Ball
2-1: Swinging Strike
2-2: Strikes out swinging
Top of the 8th over - 0 run(s), 0 hit(s), 0 error(s), 0 left on base; Arkansas 6 - Indiana 3
BOTTOM OF THE 8TH
Indiana Hoosiers batting - Pitching for Arkansas Razorbacks : RHP Dan Bailey
Pitching: RHP Logan Webster
Batting: LHB Arturo Álvarez 0-0: Called Strike
0-1: Ground out 2-3 (Groundball, 2L)
Batting: RHB Tom McCoy 0-0: Ball
1-0: Ball
2-0: Ball
3-0: Base on Balls
Pitching: LHP Walt George
Batting: LHB Randy Ortíz 0-0: Ball
1-0: Ball
2-0: Foul Ball, location: 2F
2-1: Swinging Strike
2-2: Ball
3-2: Foul Ball, location: 2F
3-2: Base on Balls
Tom McCoy to second
Pitching: RHP Jesús Medina
Batting: RHB Gus Bryant 0-0: Ball
1-0: Ball
2-0: Called Strike
2-1: Swinging Strike
2-2: Foul Ball, location: 2F
2-2: Strikes out swinging
Batting: RHB Elwood López 0-0: SINGLE (Groundball, 6D)
Tom McCoy to third
Randy Ortíz to second
Runner from 3rd tries for Home, SAFE, no throw or cutoff
Batting: RHB Jaime Morán 0-0: Called Strike
0-1: Swinging Strike
0-2: Ball
1-2: Ball
2-2: Foul Ball, location: 2F
2-2: Foul Ball, location: 2F
2-2: Foul Ball, location: 2F
2-2: Strikes out swinging
Bottom of the 8th over - 1 run(s), 1 hit(s), 0 error(s), 2 left on base; Arkansas 6 - Indiana 4
TOP OF THE 9TH
Arkansas Razorbacks batting - Pitching for Indiana Hoosiers : RHP Lawrence Wilson
Batting: LHB Nelson Cox 0-0: Fly out, F8 (Flyball, 8RM)
Batting: RHB Earl Willis 0-0: Foul Ball, location: 2F
0-1: Swinging Strike
0-2: Ground out 4-3 (Groundball, 34S)
Batting: LHB Fred Velázquez 0-0: Called Strike
0-1: Ball
1-1: Foul Ball, location: 2F
1-2: Strikes out swinging
Top of the 9th over - 0 run(s), 0 hit(s), 0 error(s), 0 left on base; Arkansas 6 - Indiana 4
BOTTOM OF THE 9TH
Indiana Hoosiers batting - Pitching for Arkansas Razorbacks : RHP Jesús Medina
Pitching: RHP Ed Rucker
Batting: RHB Wayne Carter 0-0: Ball
1-0: SINGLE (Groundball, 13S) (infield hit)
Batting: LHB Dave Joyner 0-0: Ball
1-0: Fly out, F7 (Flyball, 78M)
Batting: RHB Armando Bernard 0-0: Ball
1-0: Foul Ball, location: 2F
1-1: Ball
2-1: Ball
3-1: Base on Balls
Wayne Carter to second
Batting: LHB Arturo Álvarez 0-0: Ball
1-0: Ball
2-0: Foul Ball, location: 2F
2-1: Ball
3-1: Base on Balls
Wayne Carter to third
Armando Bernard to second
Batting: RHB Tom McCoy 0-0: SINGLE (Line Drive, 6MD)
Wayne Carter scores
Armando Bernard to third
Arturo Álvarez to second
Batting: LHB Randy Ortíz 0-0: Called Strike
0-1: Foul Ball, location: 2F
0-2: Strikes out swinging
Batting: RHB Gus Bryant 0-0: Ball
1-0: Ball
2-0: Called Strike
2-1: Swinging Strike
2-2: Strikes out looking
Bottom of the 9th over - 1 run(s), 2 hit(s), 0 error(s), 3 left on base; Arkansas 6 - Indiana 5
This league is powered by Out of the Park Baseball, the baseball management simulation game for PC, Mac and Linux
Saturday, April 9th, 2016 - OOTP Baseball 16.8 Build 38